 Dungeon Crawl Stone Soup version 0.14-a0-2340-g8df0fbc (webtiles) character file.

1108 Jenx the Basher (level 7, 0/52 HPs)
             Began as a Djinni Fighter on Jan 30, 2014.
             Was an Initiate of Okawaru.
             Killed by divine providence
             ... invoked by an orc priest
              (15 damage)
             ... on Level 6 of the Dungeon.
             The game lasted 00:17:33 (5550 turns).

Jenx the Basher (Djinni Fighter)                    Turns: 5550, Time: 00:17:33

HP   0/52        AC 10     Str 19      XL: 7   Next: 72%
MP   0/0         EV  4     Int  8      God: Okawaru [......]
Gold 245         SH 18     Dex 12      Spells:  0 memorised,  6 levels left

rFire  + + +     SeeInvis .     a - -1,+1 orc morningstar
rCold  x . .     Clarity  .     w - +1 orc chain mail
rNeg   + + +     Conserve .     c - +0 shield
rPois  +         rCorr    .     (no helmet)
rElec  .         rRot     .     (no cloak)
SustAb . .       Spirit   .     (no gloves)
rMut   +         Warding  .     (boots unavailable)
Saprov . . .     Stasis   .     D - amulet of resist mutation
MR     .....                    (no ring)
                                H - cursed ring of poison resistance

@: flying, not resistant to hostile enchantments, extremely unstealthy
A: fire immunity, cold vulnerability, life protection 3
a: Renounce Religion


You were on level 6 of the Dungeon.
You worshipped Okawaru.
Okawaru was noncommittal.
You were not hungry.

You visited 2 branches of the dungeon, and saw 7 of its levels.

You collected 245 gold pieces.

Inventory:

Hand weapons
 a - a -1,+1 orcish morningstar (weapon)
 b - a +0 blowgun
 y - a +3,+0 dwarven mace of protection
 B - a +4,+0 elven long sword of holy wrath
Missiles
 s - 24 poisoned needles
 K - 7 javelins (quivered)
Armour
 c - a +0 shield (worn)
 w - a +1 orcish chain mail (worn)
 J - the +1 ring mail of Evolution {+Rage Dex+2 SInv}
   (You found it on level 4 of the Dungeon)

   It affects your dexterity (+2).
   It enhances your eyesight.
   It lets you go berserk.
Magical devices
 A - a wand of fireball (5)
 C - a wand of polymorph (10)
 G - a wand of disintegration (10)
Scrolls
 d - a scroll of enchant weapon II
 e - 5 scrolls of remove curse {unknown}
 f - a scroll of immolation {unknown}
 i - 2 scrolls of teleportation
 k - 2 scrolls of enchant armour {unknown}
 m - a scroll of curse jewellery {unknown}
 q - a scroll of blinking {unknown}
 r - a scroll of noise {unknown}
 t - a scroll of random uselessness {unknown}
 u - a scroll of magic mapping {unknown}
 E - a scroll of amnesia {unknown}
Jewellery
 g - an uncursed amulet of the gourmand {unknown}
 D - an amulet of resist mutation (around neck)
 H - a cursed ring of poison resistance (left hand)
Potions
 h - a potion of lignification
 j - 2 potions of might
 l - 4 potions of curing
 n - a potion of magic
 o - a potion of cure mutation {unknown}
 p - 3 potions of heal wounds
 x - a potion of restore abilities {unknown}
Books
 v - a book of Enchantments

   Spells                             Type                      Level
   Cause Fear                         Hexes                        4
   Silence                            Hexes/Air                    5
   Tukima's Dance                     Hexes                        5
   Deflect Missiles                   Charms/Air                   6
   Haste                              Charms                       6
   Discord                            Hexes                        8
 z - a book of Conjurations

   Spells                             Type                      Level
   Magic Dart                         Conjuration                  1
   Searing Ray                        Conjuration                  2
   Dazzling Spray                     Conjuration/Hexes            3
   Iskenderun's Mystic Blast          Conjuration                  4
   Iskenderun's Battlesphere          Conjuration/Charms           4
   Fulminant Prism                    Conjuration/Hexes            5
Magical staves
 F - an uncursed staff of power {unknown}


   Skills:
 - Level 2.6 Fighting
 * Level 8.8 Maces & Flails
 + Level 1.3 Throwing
 - Level 3.2 Armour
 - Level 3.0 Shields


You had 6 spell levels left.
You didn't know any spells.

Dungeon Overview and Level Annotations

Branches:
Dungeon (6/16)             Temple (1/1) D:4

Altars:
Ashenzari
Cheibriados
Dithmengos
Elyvilon
Fedhas
Kikubaaqudgha
Makhleb
Nemelex Xobeh
Okawaru
Sif Muna
Trog
Vehumet
Xom
Yredelemnul
Zin
The Shining One

Shops:
D:5 =

Annotations:
D:4 this is good stuff here
D:5 ring of slaying 1533


Innate Abilities, Weirdness & Mutations

You are immune to all types of fire, even holy and hellish.
You are vulnerable to cold.
You need no food.
You have no legs.
You are immune to negative energy.


Message History

Something smites you!
You sock the orc priest!
You kill the orc priest!
Okawaru accepts your kill.
The orc priest becomes somewhat translucent.
The orc hits you from afar with an orcish trident.
You block the orc's attack.
Things that are here:
an orcish trident; an orc corpse Your chain mail prevents you from hitting the orc.
The orc priest utters an invocation to Beogh.
You feel troubled.
The orc hits you with an orcish trident!
* * * LOW HITPOINT WARNING * * *
You closely miss the orc. You block the orc's attack.
You hit the orc.
The orc is severely wounded.
The orc priest calls down the wrath of Beogh upon you.
Something smites you!
You die...

. .... .... #...# .....
+...+ ...... #...# ....%..
#...# .......
##########...# .......
.............#
........#####...........##
....(o.(o@................
.......####.#........##.##
..... #.#........##.##
o... #.#...)....##...


o.o #............... . ################ #........ #.####### #.#####.# You could
see an orc priest and an orc.

Vanquished Creatures
  A phantom (D:4)
  3 crimson imps
  4 orc priests
  3 orc wizards
  5 worker ants
  An ogre zombie (D:5)
  Terence (D:3)
  10 adders
  3 gnolls (D:5)
  2 giant mites (D:5)
  An orc skeleton (D:5)
  2 inept feature mimics
  5 worms
  A giant eyeball (D:4)
  4 giant geckos
  An ooze (D:1)
  21 orcs
  6 giant cockroaches
  7 goblins
  11 hobgoblins
  6 jackals
  5 quokkas
  12 bats
  5 giant newts
  11 kobolds
  A kobold skeleton (D:5)
  A kobold zombie (D:5)
  A quokka skeleton (D:4)
  10 rats
144 creatures vanquished.

Notes
Turn   | Place    | Note
--------------------------------------------------------------
     0 | D:1      | Jenx, the Djinni Fighter, began the quest for the Orb.
     0 | D:1      | Reached XP level 1. HP: 16/16 MP: 0/0
   235 | D:1      | Reached XP level 2. EP: 22/22
   447 | D:2      | Found a white marble altar of Elyvilon.
   464 | D:2      | HP: 1/22 [worm (8)]
   477 | D:2      | HP: 1/22 [kobold (3)]
   788 | D:2      | Reached XP level 3. EP: 5/28
  1214 | D:2      | Reached skill level 4 in Maces & Flails
  1429 | D:2      | Reached XP level 4. EP: 9/34
  2206 | D:3      | Reached skill level 5 in Maces & Flails
  2235 | D:3      | Found a shattered altar of Ashenzari.
  2236 | D:3      | Noticed Terence
  2261 | D:3      | Killed Terence
  2458 | D:3      | Reached XP level 5. EP: 40/40
  2959 | D:4      | Reached skill level 6 in Maces & Flails
  3034 | D:4      | Reached XP level 6. EP: 18/47
  3231 | D:4      | Noticed a phantom
  3245 | D:4      | Paralysed by a giant eyeball for 4 turns
  3278 | D:4      | Killed a phantom
  3520 | D:4      | Reached skill level 7 in Maces & Flails
  3586 | D:4      | Found a staircase to the Ecumenical Temple.
  3595 | Temple   | Entered the Ecumenical Temple
  3818 | Temple   | Became a worshipper of Warmaster Okawaru
  4287 | D:4      | Found a burning altar of Makhleb.
  4340 | D:5      | Entered Level 5 of the Dungeon
  4534 | D:5      | Reached XP level 7. EP: 46/52
  4688 | D:5      | Reached skill level 8 in Maces & Flails
  4825 | D:4      | Got a faintly humming ring mail
  4832 | D:4      | Identified the +1 ring mail of Evolution {+Rage Dex+2 SInv} (You found it on level 4 of the Dungeon)
  4994 | D:5      | Reached skill level 1 in Throwing
  5095 | D:5      | Found Bucwoonn's Jewellery Emporium.
  5550 | D:6      | Killed from afar by an orc priest

Action                   |  1- 3 |  4- 6 |  7- 9 || total
-------------------------+-------+-------+-------++-------
Melee: Mace              |    89 |   154 |       ||   243
       Flail             |    59 |    75 |       ||   134
       Morningstar       |       |    54 |    96 ||   150
 Fire: Blowgun           |       |    10 |     9 ||    19
Throw: Stone             |       |     7 |       ||     7
       Tomahawk          |       |     2 |       ||     2
       Javelin           |       |       |    16 ||    16
Evoke: Wand              |       |       |     4 ||     4
  Use: Scroll            |       |     7 |     3 ||    10
       Potion            |       |     2 |       ||     2
